NWL
COOS BAY-NORTH BEND BLUE SOXS @ WALLA WALLA WALLEYES
08/13/1982
 
TOP OF THE 1ST
Coos Bay-North Bend Blue Soxs batting - Pitching for Walla Walla Walleyes : RHP Tom Edens
Pitching: RHP Tom Edens
Batting: LHB Craig Gerber 0-0: Fly out, F9 (Flyball, 89M, EV 93.1 MPH)
Batting: LHB Curt Reed 0-0: Swinging Strike
0-1: Ball
1-1: Foul Ball, location: 2F
1-2: Ground out 6-3 (Groundball, 6, EV 82.5 MPH)
Batting: LHB Benny Distefano 0-0: Fly out, F8 (Flyball, 8LXD, EV 83.1 MPH)
Top of the 1st over - 0 runs, 0 hits, 0 errors, 0 left on base; Coos Bay-North Bend 0 - Walla Walla 0
BOTTOM OF THE 1ST
Walla Walla Walleyes batting - Pitching for Coos Bay-North Bend Blue Soxs : LHP Vicente Robles
Pitching: LHP Vicente Robles
Batting: SHB Damon Farmar 0-0: Foul Ball, location: 2F
0-1: Foul Ball, location: 2F
0-2: Fly out, F6 (Flyball, 56D, EV 75.0 MPH)
Batting: RHB John Cortez 0-0: Called Strike
0-1: Fly out, F8 (Line Drive, 8LM, EV 85.0 MPH)
Batting: RHB Curtis Burke 0-0: Ball
1-0: Ball
2-0: Called Strike
2-1: Ground out U3 (Groundball, 34, EV 79.4 MPH)
Bottom of the 1st over - 0 runs, 0 hits, 0 errors, 0 left on base; Coos Bay-North Bend 0 - Walla Walla 0
TOP OF THE 2ND
Coos Bay-North Bend Blue Soxs batting - Pitching for Walla Walla Walleyes : RHP Tom Edens
Batting: RHB Bob Gergen 0-0: Ball
1-0: Ball
2-0: Foul Ball, location: 2F
2-1: Foul Ball, location: 2F
2-2: Ball
3-2: Strikes out swinging
Batting: RHB Danny Quintana 0-0: Ground out 4-3 (Groundball, 34D, EV 98.1 MPH)
Batting: RHB James Stefanski 0-0: Ball
1-0: Ground out 5-3 (Groundball, 56, EV 83.1 MPH)
Top of the 2nd over - 0 runs, 0 hits, 0 errors, 0 left on base; Coos Bay-North Bend 0 - Walla Walla 0
BOTTOM OF THE 2ND
Walla Walla Walleyes batting - Pitching for Coos Bay-North Bend Blue Soxs : LHP Vicente Robles
Batting: RHB Osbe Hoskins 0-0: Ball
1-0: Swinging Strike
1-1: Ground out 6-3 (Groundball, 6M, EV 105.0 MPH)
Batting: SHB Jeff McKnight 0-0: Foul Ball, location: 2F
0-1: Ground out 5-3 (Groundball, 56, EV 101.3 MPH)
Batting: LHB Brian Hartsock 0-0: Ball
1-0: SINGLE (Groundball, 25, EV 65.0 MPH) (infield hit)
Batting: SHB Rafael Rivas 0-0: Ball
1-0: Called Strike
1-1: Ball
2-1: SINGLE (Groundball, 56S, EV 75.0 MPH) (infield hit)
Brian Hartsock to second
Batting: SHB Leo Cardenas 0-0: Called Strike
0-1: Ball
1-1: Ball
2-1: Foul Ball, location: 2F
2-2: Fly out, F9 (Flyball, 9LS, EV 91.3 MPH)
Bottom of the 2nd over - 0 runs, 2 hits, 0 errors, 2 left on base; Coos Bay-North Bend 0 - Walla Walla 0
TOP OF THE 3RD
Coos Bay-North Bend Blue Soxs batting - Pitching for Walla Walla Walleyes : RHP Tom Edens
Batting: LHB Pat Castiglia 0-0: Called Strike
0-1: Fly out, F9 (Flyball, 89D, EV 101.9 MPH)
Batting: RHB Carlos Salinas 0-0: Ball
1-0: Ground out 4-3 (Groundball, 4, EV 85.0 MPH)
Batting: RHB Henry Noble 0-0: Called Strike
0-1: Ball
1-1: Foul Ball, location: 2F
1-2: Ball
2-2: Foul Ball, location: 2F
2-2: SOLO HOME RUN (Line Drive, 7D, EV 103.1 MPH), Distance : 385 ft
Batting: LHB Craig Gerber 0-0: Ball
1-0: Ground out 6-3 (Groundball, P, EV 80.0 MPH)
Top of the 3rd over - 1 run, 1 hit, 0 errors, 0 left on base; Coos Bay-North Bend 1 - Walla Walla 0
BOTTOM OF THE 3RD
Walla Walla Walleyes batting - Pitching for Coos Bay-North Bend Blue Soxs : LHP Vicente Robles
Batting: RHB Mitch Lyden 0-0: Ground out 6-3 (Groundball, 6MS, EV 81.3 MPH)
Batting: SHB Damon Farmar 0-0: Ball
1-0: Ball
2-0: Ball
3-0: Base on Balls
Batting: RHB John Cortez 0-0: Ball
Damon Farmar is caught stealing 2nd base 2-4
1-0: Foul Ball, location: 2F
1-1: Ball
2-1: Swinging Strike
2-2: Ball
3-2: Strikes out looking
Bottom of the 3rd over - 0 runs, 0 hits, 0 errors, 0 left on base; Coos Bay-North Bend 1 - Walla Walla 0
TOP OF THE 4TH
Coos Bay-North Bend Blue Soxs batting - Pitching for Walla Walla Walleyes : RHP Tom Edens
Batting: LHB Curt Reed 0-0: SINGLE (Groundball, 56D, EV 100.6 MPH)
Batting: LHB Benny Distefano 0-0: Ball
1-0: Ball
2-0: Called Strike
2-1: Foul Ball, location: 2F
2-2: Fly out, F9 (Flyball, 89S, EV 95.6 MPH)
Batting: RHB Bob Gergen 0-0: Ball
1-0: Ball
2-0: Foul Ball, location: 2F
2-1: Foul Ball, location: 2F
2-2: Grounds into double play, 4-6-3 (Groundball, 34, EV 83.1 MPH)
Top of the 4th over - 0 runs, 1 hit, 0 errors, 0 left on base; Coos Bay-North Bend 1 - Walla Walla 0
BOTTOM OF THE 4TH
Walla Walla Walleyes batting - Pitching for Coos Bay-North Bend Blue Soxs : LHP Vicente Robles
Batting: RHB Curtis Burke 0-0: Ground out 6-3 (Groundball, 6, EV 83.8 MPH)
Batting: RHB Osbe Hoskins 0-0: Ball
1-0: Called Strike
1-1: Foul Ball, location: 2F
1-2: Ball
2-2: Ball
3-2: Foul Ball, location: 2F
3-2: Base on Balls
Batting: SHB Jeff McKnight 0-0: Ball
1-0: Called Strike
1-1: Called Strike
Osbe Hoskins is caught stealing 2nd base 2-4
1-2: Ball
2-2: Foul Ball, location: 2F
2-2: Foul Ball, location: 2F
2-2: Ground out 5-3 (Groundball, 56, EV 81.9 MPH)
Bottom of the 4th over - 0 runs, 0 hits, 0 errors, 0 left on base; Coos Bay-North Bend 1 - Walla Walla 0
TOP OF THE 5TH
Coos Bay-North Bend Blue Soxs batting - Pitching for Walla Walla Walleyes : RHP Tom Edens
Batting: RHB Danny Quintana 0-0: Ball
1-0: Called Strike
1-1: Ball
2-1: Ground out 4-3 (Groundball, 4, EV 78.8 MPH)
Batting: RHB James Stefanski 0-0: Called Strike
0-1: Ball
1-1: Ball
2-1: Ball
3-1: Base on Balls
Batting: LHB Pat Castiglia 0-0: Ball
1-0: Called Strike
1-1: Swinging Strike
1-2: SINGLE (Groundball, 4MD, EV 98.8 MPH)
James Stefanski to second
Runner from 2nd tries for 3rd, SAFE, throw by CF made to third
Batting: RHB Carlos Salinas 0-0: Ball
Wild Pitch!
James Stefanski scores
Pat Castiglia to second
1-0: Ground out 5-3 (Groundball, 56, EV 100.6 MPH)
Batting: RHB Henry Noble 0-0: Swinging Strike
0-1: Ball
1-1: Ball
2-1: Foul Ball, location: 2F
2-2: Foul Ball, location: 2F
2-2: Foul Ball, location: 2F
2-2: Fly out, F8 (Flyball, 8RS, EV 83.8 MPH)
Top of the 5th over - 1 run, 1 hit, 0 errors, 1 left on base; Coos Bay-North Bend 2 - Walla Walla 0
BOTTOM OF THE 5TH
Walla Walla Walleyes batting - Pitching for Coos Bay-North Bend Blue Soxs : LHP Vicente Robles
Batting: LHB Brian Hartsock 0-0: Ball
1-0: Ball
2-0: Called Strike
2-1: Foul Ball, location: 2F
2-2: Ball
3-2: Foul Ball, location: 2F
3-2: DOUBLE (Flyball, 9LD, EV 113.1 MPH)
Batting: SHB Rafael Rivas 0-0: Called Strike
0-1: Ball
1-1: Ball
2-1: Ball
3-1: Base on Balls
Batting: SHB Leo Cardenas 0-0: Fly out, F6 (Flyball, 56D, EV 88.8 MPH)
Batting: RHB Mitch Lyden 0-0: Ball
Brian Hartsock steals 3rd, throwing error, E2
Brian Hartsock scores
Rafael Rivas to third
1-0: Fly out, F8 (Flyball, 8RS, EV 77.5 MPH)
Batting: SHB Damon Farmar 0-0: Ball
1-0: Ball
2-0: Ball
3-0: Called Strike
3-1: Fly out, F9 (Flyball, 8RD, EV 79.4 MPH)
Bottom of the 5th over - 1 run, 1 hit, 1 error, 1 left on base; Coos Bay-North Bend 2 - Walla Walla 1
TOP OF THE 6TH
Coos Bay-North Bend Blue Soxs batting - Pitching for Walla Walla Walleyes : RHP Tom Edens
Batting: LHB Craig Gerber 0-0: Ball
1-0: Called Strike
1-1: Foul Ball, location: 2F
1-2: Ball
2-2: Ground out 4-3 (Groundball, 4, EV 91.3 MPH)
Batting: LHB Curt Reed 0-0: Called Strike
0-1: Ball
1-1: Foul Ball, location: 2F
1-2: Ball
2-2: DOUBLE (Line Drive, 78D, EV 111.3 MPH)
Batting: LHB Benny Distefano 0-0: Intentional Walk
Batting: RHB Bob Gergen 0-0: Ball
1-0: Ball
2-0: Swinging Strike
2-1: DOUBLE (Line Drive, 7LM, EV 104.4 MPH)
Curt Reed scores
Benny Distefano to third
Runner from 3rd tries for Home, SAFE, throw by LF to trailing runner, SAFE at third!
Batting: RHB Danny Quintana 0-0: Intentional Walk
Batting: RHB James Stefanski 0-0: Called Strike
0-1: SINGLE (Groundball, 56D, EV 97.5 MPH)
Bob Gergen scores
Danny Quintana to second
Batting: LHB Pat Castiglia 0-0: Ball
1-0: Ball
2-0: Fly out, F7 (Flyball, 78S, EV 89.4 MPH)
Batting: RHB Carlos Salinas 0-0: Ball
1-0: Ground out 5-3 (Groundball, 5S, EV 88.8 MPH)
Top of the 6th over - 3 runs, 3 hits, 0 errors, 2 left on base; Coos Bay-North Bend 5 - Walla Walla 1
BOTTOM OF THE 6TH
Walla Walla Walleyes batting - Pitching for Coos Bay-North Bend Blue Soxs : LHP Vicente Robles
Batting: RHB John Cortez 0-0: Ball
1-0: Ball
2-0: Called Strike
2-1: Foul Ball, location: 2F
2-2: SINGLE (Line Drive, 78S, EV 93.8 MPH)
Batting: RHB Curtis Burke 0-0: Called Strike
0-1: Ball
1-1: Foul Ball, location: 2F
1-2: Ball
2-2: SINGLE (Groundball, 4MD, EV 111.9 MPH)
John Cortez to second
Batting: RHB Osbe Hoskins 0-0: Called Strike
0-1: Grounds into double play, 4-6-3 (Groundball, 4, EV 98.1 MPH)
John Cortez to third
Batting: SHB Jeff McKnight 0-0: Called Strike
Steal of home, John Cortez is out
Bottom of the 6th over - 0 runs, 2 hits, 0 errors, 0 left on base; Coos Bay-North Bend 5 - Walla Walla 1
TOP OF THE 7TH
Coos Bay-North Bend Blue Soxs batting - Pitching for Walla Walla Walleyes : RHP Tom Edens
Batting: RHB Henry Noble 0-0: Foul Ball, location: 2F
0-1: Ball
1-1: Ball
2-1: Called Strike
2-2: Foul Ball, location: 2F
2-2: Fly out, F8 (Flyball, 78D, EV 100.0 MPH)
Batting: LHB Craig Gerber 0-0: Ball
1-0: Foul Ball, location: 2F
1-1: Ball
2-1: Ground out 3-1 (Groundball, 34, EV 80.0 MPH)
Batting: LHB Curt Reed 0-0: Called Strike
0-1: Ball
1-1: Ball
2-1: Foul Ball, location: 2F
2-2: SINGLE (Groundball, 56D, EV 78.1 MPH) (infield hit)
Batting: LHB Benny Distefano 0-0: Ball
1-0: Ball
2-0: DOUBLE (Flyball, 8RXD, EV 95.0 MPH)
Curt Reed to third
Runner from 3rd tries for Home, SAFE, throw by CF to trailing runner, SAFE at third!
Pitching: LHP Mike C Jones
Batting: RHB Bob Gergen 0-0: Ball
1-0: Called Strike
1-1: Foul Ball, location: 2F
1-2: Fly out, F9 (Flyball, 9, EV 91.3 MPH)
Top of the 7th over - 1 run, 2 hits, 0 errors, 1 left on base; Coos Bay-North Bend 6 - Walla Walla 1
BOTTOM OF THE 7TH
Walla Walla Walleyes batting - Pitching for Coos Bay-North Bend Blue Soxs : LHP Vicente Robles
Batting: SHB Jeff McKnight 0-0: Ball
1-0: Ball
2-0: Called Strike
2-1: Fly out, F5 (Popup, 5S, EV 72.5 MPH)
Batting: LHB Brian Hartsock 0-0: Ball
1-0: Called Strike
1-1: Ground out 6-3 (Groundball, 6, EV 90.6 MPH)
Batting: SHB Rafael Rivas 0-0: Called Strike
0-1: Called Strike
0-2: Ball
1-2: Ball
2-2: Strikes out looking
Bottom of the 7th over - 0 runs, 0 hits, 0 errors, 0 left on base; Coos Bay-North Bend 6 - Walla Walla 1
TOP OF THE 8TH
Coos Bay-North Bend Blue Soxs batting - Pitching for Walla Walla Walleyes : LHP Mike C Jones
Batting: RHB Danny Quintana 0-0: Ball
1-0: Foul Ball, location: 2F
1-1: Foul Ball, location: 2F
1-2: Ball
2-2: Ball
3-2: SINGLE (Line Drive, 8RS, EV 105.6 MPH)
Batting: RHB James Stefanski 0-0: Called Strike
0-1: Ball
1-1: Called Strike
1-2: Foul Ball, location: 2F
1-2: Fly out, F4 (Line Drive, 4, EV 73.1 MPH)
Batting: LHB Pat Castiglia 0-0: Ball
1-0: Called Strike
1-1: Ball
2-1: Ball
3-1: Base on Balls
Danny Quintana to second
Batting: RHB Carlos Salinas 0-0: Reached on error, E5 (Groundball, 56, EV 75.6 MPH)
Danny Quintana to third
Pat Castiglia to second
Batting: RHB Henry Noble 0-0: Fly out, F7 (Flyball, 7D, EV 83.1 MPH)
Runner from 3rd tags up, SCORES, throw by LF
Pat Castiglia to third
Batting: LHB Craig Gerber 0-0: Called Strike
0-1: Ball
1-1: Ball
2-1: Ground out 4-3 (Groundball, 4, EV 92.5 MPH)
Top of the 8th over - 1 run, 1 hit, 1 error, 2 left on base; Coos Bay-North Bend 7 - Walla Walla 1
BOTTOM OF THE 8TH
Walla Walla Walleyes batting - Pitching for Coos Bay-North Bend Blue Soxs : LHP Vicente Robles
Batting: SHB Leo Cardenas 0-0: Ball
1-0: SINGLE (Groundball, 56D, EV 106.3 MPH)
Batting: RHB Mitch Lyden 0-0: Called Strike
0-1: Swinging Strike
0-2: Ground out 5-3 (Groundball, 56S, EV 74.4 MPH)
Leo Cardenas to second
Batting: SHB Damon Farmar 0-0: Ball
1-0: Called Strike
1-1: Ball
2-1: Ball
3-1: Fly out, F7 (Flyball, 7S, EV 85.0 MPH)
Batting: RHB John Cortez 0-0: Ball
1-0: Fly out, F4 (Line Drive, 4, EV 62.5 MPH)
Bottom of the 8th over - 0 runs, 1 hit, 0 errors, 1 left on base; Coos Bay-North Bend 7 - Walla Walla 1
TOP OF THE 9TH
Coos Bay-North Bend Blue Soxs batting - Pitching for Walla Walla Walleyes : LHP Mike C Jones
Pitching: LHP Alex Marquez
Batting: LHB Curt Reed 0-0: Swinging Strike
0-1: Ball
1-1: Ball
2-1: Foul Ball, location: 2F
2-2: Ball
3-2: Foul Ball, location: 2F
3-2: Foul Ball, location: 2F
3-2: Foul Ball, location: 2F
3-2: Strikes out swinging
Batting: LHB Benny Distefano 0-0: Ball
1-0: Called Strike
1-1: Ball
2-1: Foul Ball, location: 2F
2-2: Strikes out swinging
Batting: RHB Bob Gergen 0-0: Called Strike
0-1: Ball
1-1: Fly out, F4 (Line Drive, 4, EV 68.8 MPH)
Top of the 9th over - 0 runs, 0 hits, 0 errors, 0 left on base; Coos Bay-North Bend 7 - Walla Walla 1
BOTTOM OF THE 9TH
Walla Walla Walleyes batting - Pitching for Coos Bay-North Bend Blue Soxs : LHP Vicente Robles
Batting: RHB Curtis Burke 0-0: DOUBLE (Line Drive, 7LD, EV 104.4 MPH)
Batting: RHB Osbe Hoskins 0-0: Ball
1-0: Foul Ball, location: 2F
1-1: Ball
2-1: Foul Ball, location: 2F
2-2: Ball
3-2: Fly out, F7 (Flyball, 7, EV 94.4 MPH)
Batting: SHB Jeff McKnight 0-0: Ball
1-0: Ground out 3-1 (Groundball, 34, EV 84.4 MPH)
Curtis Burke to third
Batting: LHB Brian Hartsock 0-0: Ball
1-0: Foul Ball, location: 2F
1-1: Ball
2-1: Fly out, F8 (Flyball, 8LM, EV 73.8 MPH)
Bottom of the 9th over - 0 runs, 1 hit, 0 errors, 1 left on base; Coos Bay-North Bend 7 - Walla Walla 1
Friday, August 21st, 2020 - OOTP Baseball 21.5 Build 76